 Dungeon Crawl Stone Soup version 0.28-a0-563-gf77a47075d (webtiles) character file.

Game seed: 15535047598318182293

30 Crimsonway the Grave Robber (level 3, -6/24 HPs)
             Began as a Vampire Necromancer on Sept 29, 2021.
             Was a Follower of Vehumet.
             Mangled by Sigmund (11 damage)
             ... on level 2 of the Dungeon on Sept 30, 2021.
             The game lasted 00:08:35 (1319 turns).

Crimsonway the Grave Robber (Vampire Necromancer)   Turns: 1319, Time: 00:08:40

Health: -6/24      AC:  2    Str:  7    XL:     3   Next: 3%
Magic:  3/6        EV: 12    Int: 18    God:    Vehumet [*.....]
Gold:   104        SH:  0    Dex: 14    Spells: 5/6 levels left

rFire   . . .      SeeInvis +   d - +3 dagger
rCold   . . .      Faith    .   (no shield)
rNeg    . . .      Spirit   .   a - +0 robe
rPois   .          Reflect  .   (no helmet)
rElec   .          Harm     .   h - scarf {shadows}
rCorr   .          Rampage  .   (no gloves)
Will    .....                   (no boots)
Stlth   ++........              (no amulet)
HPRegen 0.28/turn               (no ring)
MPRegen 0.10/turn               (no ring)

@: about to teleport, healing quickly
A: alive, fangs 3, see invisible, vampiric 2
a: Exsanguinate, Renounce Religion


You were on level 2 of the Dungeon.
You worshipped Vehumet.
Vehumet was aware of your devotion.
You visited 1 branch of the dungeon, and saw 2 of its levels.

You collected 104 gold pieces.

Inventory:

Hand Weapons
 b - a +0 whip
 d - a +3 dagger (weapon)
Missiles
 e - 11 poisoned darts
 g - 3 javelins
 j - 40 arrows
Armour
 a - a +0 robe (worn)
 h - a scarf of shadows (worn)
Potions
 f - a potion of haste {unknown}
 k - a potion of attraction {unknown}


   Skills:
 + Level 0.3 Short Blades
 + Level 2.2 Dodging
 + Level 3.4 Stealth
 + Level 2.3 Spellcasting
 + Level 5.0 Necromancy


You had 5 spell levels left.
You knew the following spells:

 Your Spells              Type           Power      Damage    Failure   Level
a - Pain                  Necr           80%        1d8       2%          1

Your spell library contained the following spells:

 Spells                   Type           Power      Damage    Failure   Level
 Sandblast                Erth           4%         2d4       19%         1
 Animate Skeleton         Necr           40%        N/A       2%          1
 Vampiric Draining        Necr           10%        2d7       7%          3
 Animate Dead             Necr           10%        N/A       22%         4
 Agony                    Necr           20%        N/A       52%         5


Dungeon Overview and Level Annotations

Branches:
Dungeon (2/15)

Altars:
Vehumet

Shops:
D:1 (   D:2 ?

Annotations:
D:2 Sigmund


Innate Abilities, Weirdness & Mutations

Your natural rate of healing is accelerated.
You have razor-sharp teeth.
You have supernaturally acute eyesight. (SInv)
You are afflicted with vampirism and can become a bat while bloodless.


Message History

Aim: Sigmund, wielding a +3 scythe of flaming and wearing a +0 robe (lightly wounded, chance to affect: 85%) Sigmund writhes in agony.
Sigmund completely misses you.
You hit the adder. Your bite misses the adder.
The adder is lightly wounded.
The adder bites you but does no damage.
You closely miss the adder.
The adder is lightly wounded.
The adder bites you. Sigmund barely misses you. The adder closely misses you.
The adder closely misses you. Sigmund gestures at you while chanting.
You resist with some effort.
Sigmund gestures wildly while chanting.
Sigmund flickers and vanishes for a moment.
Aiming: Pain (safe; 2% risk of failure)
Press: ? - help, Q - select action, (/) - cycle Shift-Dir - straight line, f/p - Sigmund
Aim: Sigmund, wielding a +3 scythe of flaming and wearing a +0 robe (moderately wounded, slightly transparent, chance to affect: 85%)
The adder writhes in agony!
The adder bites you. The adder barely misses you. The adder closely misses you.
The adder bites you.
Aiming: Pain (safe; 2% risk of failure)
Press: ? - help, Q - select action, (/) - cycle Shift-Dir - straight line, f/p - Sigmund
Aim: Sigmund, wielding a +3 scythe of flaming and wearing a +0 robe (moderately wounded, slightly transparent, chance to affect: 85%)
The adder writhes in agony.
The adder barely misses you.
Sigmund screams, "Don't try to resist!"
Sigmund hits you from afar with a +3 scythe of flaming.
Sigmund burns you.
As you read the scroll labelled LEMONAOHOY, it crumbles to dust.
It is a scroll of amnesia.
Okay, then.
The adder bites you but does no damage.
As you read the scroll labelled YTSUSI PUOGG, it crumbles to dust.
You feel strangely unstable.
It was a scroll of teleportation.
The adder bites you.
* * * LOW HITPOINT WARNING * * *
Sigmund's eyes start glowing with a red light.
Sigmund hits you from afar with a +3 scythe of flaming!
You die...

#.# .>.. #.# ... #.#
... #.# ######### #.##
#####.## ........# #.<#
#.......
........###..#.#.###.##
........#..).#.#.......
......@S@.#..#.#.....#.
.........##.#..#.###.#.
.........#.##..#.#####.
...........#†..#.......
.........#...#.########
########..#..# # ###
##.#..# #.. #....# #
#.# ##...#.# #.#


You could see Sigmund (invisible) and an adder.

Vanquished Creatures
  2 dart slugs (D:1)
  An endoplasm (D:1)
  2 giant cockroaches (D:1)
  2 goblins
  3 hobgoblins (D:1)
  A ball python (D:1)
  4 bats
  3 frilled lizards
  5 kobolds
  4 rats (D:1)
27 creatures vanquished.

Vanquished Creatures (others)
  2 fungi (D:2)
  5 plants (D:2)
7 creatures vanquished.

Grand Total: 34 creatures vanquished

Notes
Turn   | Place    | Note
-------+----------+-------------------------------------------
     0 | D:1      | Crimsonway the Vampire Necromancer began the quest for the
                  | Orb.
     0 | D:1      | Reached XP level 1. HP: 13/13 MP: 3/3
   182 | D:1      | Upgraded the game from 0.28-a0-561-gc72452776e to
                  | 0.28-a0-563-gf77a47075d
   214 | D:1      | Reached XP level 2. HP: 19/19 MP: 1/5
   523 | D:1      | Reached skill level 5 in Necromancy
   643 | D:1      | Found Nofidd's Weapon Boutique.
  1120 | D:2      | Found Pigu Xev's Magic Scroll Emporium.
  1238 | D:2      | Found a faded altar of an unknown god.
  1251 | D:2      | Became a worshipper of Vehumet
  1251 | D:2      | Reached * piety under Vehumet
  1251 | D:2      | Offered knowledge of Sandblast by Vehumet.
  1295 | D:2      | Gained mutation: You are afflicted with vampirism and can
                  | become a bat while bloodless. [Vampire growth]
  1295 | D:2      | Reached XP level 3. HP: 24/24 MP: 6/6
  1305 | D:2      | Noticed Sigmund
  1319 | D:2      | Mangled by Sigmund

Illustrated notes

Levels and vault maps discovered:
D:1:      onia_arrival_mini_spirals, layout_loops_ring, serial_shops, shop
D:2:      layout_basic, shapermc_ecumenical_altar_mp_ritualfount, serial_shops,
          shop, minmay_tetromino_s2, uniq_sigmund

Skill      XL: |  1  2 |
---------------+-------+-----
Necromancy     | 5 |  5.0
Short Blades   | |  0.3
Dodging        | |  2.2
Stealth        | |  3.4
Spellcasting   | |  2.3

Action                   || total
-------------------------++-------
Melee: Whip              ||    13
       Dagger            ||    71
       Bite              ||    12
 Cast: Pain              ||    20
  Use: Scroll            ||     2
 Stab: Sleeping          ||     3
Armor: Robe              ||    18
Dodge: Dodged            ||    43

Table legend: (Time is in decaauts)
 A = Elapsed time spent in this place.
 B = Non-inter-level travel time spent in this place.
 C = Inter-level travel time spent in this place.
 D = Time resting spent in this place.
 E = Time spent auto-exploring this place.
 F = Levels seen in this place.
 G = Mean time per level.
                   A        B        C        D        E       F      G
               +--------+--------+--------+--------+--------+-----+--------+
         Total |   1320 |   1196 |    124 |      0 |      0 |   2 |  660.0 |
       Dungeon |   1320 |   1196 |    124 |      0 |      0 |   2 |  660.0 |
               +--------+--------+--------+--------+--------+-----+--------+

Top non-repeatable levels by time:
     D:1: 831 daAuts
     D:2: 488 daAuts
